 Dungeon Crawl Stone Soup version 0.29-a0-506-ga2e7fffb44 (webtiles) character file.

Game seed: 13305886570938136029

106 spaghetti the Skirmisher (level 4, -2/48 HPs)
             Began as an Ogre Fighter on May 28, 2022.
             Was an Initiate of Gozag.
             Slain by a gnoll
             ... wielding a +0 halberd
              (8 damage)
             ... on level 3 of the Dungeon.
             The game lasted 00:03:22 (2553 turns).

spaghetti the Skirmisher (Ogre Fighter)             Turns: 2553, Time: 00:03:23

Health: -2/48      AC:  3    Str: 22    XL:     4   Next: 84%
Magic:  4/4        EV:  8    Int:  9    God:    Gozag
Gold:   359        SH:  7    Dex:  8    Spells: 3/3 levels left

rFire   + . .      SeeInvis .     - Unarmed
rCold   . . .      Faith    .   b - +0 kite shield
rNeg    . . .      Spirit   .   a - +0 robe
rPois   .          Reflect  .   (helmet restricted)
rElec   .          Harm     .   (no cloak)
rCorr   .          Rampage  .   (gloves unavailable)
Will    .....                   (boots unavailable)
Stlth   +.........              (no amulet)
HPRegen 0.16/turn               s - ring of protection from fire
MPRegen 0.09/turn               (no ring)

@: mighty, gold aura
A: large, unfitting armour, tough skin 1
a: Renounce Religion, Potion Petition, Call Merchant, Bribe Branch


You were on level 3 of the Dungeon.
You worshipped Gozag.
Gozag was aware of your devotion.
You visited 1 branch of the dungeon, and saw 3 of its levels.

You collected 379 gold pieces.
You spent 20 gold pieces at shops.


Innate Abilities, Weirdness & Mutations

You are too large for most types of armour.
You have tough skin. (AC +1)


   Skills:
 - Level 4.0 Fighting
 * Level 2.5 Throwing
 - Level 2.6 Dodging
 - Level 3.0 Shields
 + Level 3.6 Unarmed Combat


You had 3 spell levels left.
You didn't know any spells.
Your spell library contained the following spells:

 Spells                   Type           Power      Damage    Failure   Level
 Blink                    Tloc           0%         N/A       82%         2
 Confusing Touch          Hex            0%         N/A       96%         3
 Lesser Beckoning         Tloc           0%         N/A       96%         3
 Manifold Assault         Tloc           0%         N/A       100%        5
 Yara's Violent Unravell  Hex/Tmut       0%         3d3       100%        5
 Enfeeble                 Hex            0%         N/A       100%        7

Inventory:

Hand Weapons
 f - a +0 dagger {short}
   (You took it off a goblin on level 1 of the Dungeon)
 g - a +0 quarterstaff {staff}
   (You found it on level 1 of the Dungeon)
 h - a +0 dagger {short}
   (You took it off a goblin on level 1 of the Dungeon)
 i - a +0 club {mace}
   (You took it off a goblin on level 1 of the Dungeon)
 l - a +0 spear {polearm}
   (You found it on level 1 of the Dungeon)
 m - a +0 dagger {short}
   (You took it off a kobold on level 1 of the Dungeon)
 o - a +0 dagger {short}
   (You took it off a goblin on level 1 of the Dungeon)
 p - a +0 dagger {short}
   (You took it off a goblin on level 1 of the Dungeon)
 q - a +0 club {mace}
   (You took it off a kobold on level 1 of the Dungeon)
 r - a +0 whip {mace}
   (You found it on level 1 of the Dungeon)
Missiles
 e - 45 stones (quivered) {throwing}
 x - 3 poisoned darts {throwing}
Armour
 a - a +0 robe (worn)
 b - a +0 kite shield (worn)
Jewellery
 s - a ring of protection from fire (left hand)
   (You found it on level 2 of the Dungeon)
Scrolls
 d - a scroll of identify {@r1}
 k - 4 scrolls of teleportation {@r4}
 u - a scroll of vulnerability {!r!r}
 v - a scroll of enchant armour {unknown}
 w - a scroll of immolation {unknown}
Potions
 j - a potion of invisibility {unknown}
 t - a potion of flight {unknown}

Dungeon Overview and Level Annotations

Branches:
Dungeon (3/15)

Altars:
Gozag

Shops:
D:2

* #..##.##.###.#
....###..#.#.##.......#
.###⌠...#')#.##.......#
....###..#.#.##.......#
#..##.##.###.##.......#
'#.#....).##.##.......#
.#...#'#...'.##.......#
.#..##.#####....g.....#
.#.##...#..#.###@###
.#.#......##.###.####
##+#########......?.#
...............#
#..##..........#
#######+####


You could see a gnoll.


Message History

There is an open door here. 😕 HP[+1]
There is an open door here.
Key pressed, stopping explore.
You open the door.
There is an open door here.
You now have 358 gold pieces (gained 9).
You now have 359 gold pieces (gained 1).
You see here a +0 club {mace}.
There is an open door here.
There is an open door here.
Key pressed, stopping explore.
You open the door.
There is an open door here.
A gnoll comes into view. It is wielding a +0 whip.
The gnoll shouts!
You hear a shout! x2
A gnoll comes into view. It is wielding a +0 halberd.
A gnoll comes into view. It is wielding a +0 club. 😎 HP[+8]
Your hp is fully restored (48).
A frilled lizard and a gnoll come into view.
The gnoll shouts!
You hit the gnoll. The gnoll completely misses you.
You hit the gnoll. The gnoll hits you with a +0 whip.
The gnoll hits you with a +0 club. The gnoll barely misses you. 😕 HP[-9]
You take 9 damage, and now have 39/48 hp.
You are too injured to fight recklessly!
You are too injured to fight recklessly!
You are too injured to fight recklessly!
You are too injured to fight recklessly!
You are too injured to fight recklessly!
You are too injured to fight recklessly!
You are too injured to fight recklessly!
You are too injured to fight recklessly!
You are too injured to fight recklessly!
You are too injured to fight recklessly!
You are too injured to fight recklessly!
You are too injured to fight recklessly!
You are too injured to fight recklessly!
Unknown command.
The gnoll attacks as you move away! The gnoll barely misses you.
You hit the gnoll. The gnoll barely misses you.
You barely miss the gnoll. The gnoll closely misses you.
The gnoll completely misses you.
You punch the gnoll!
You kill the gnoll!
The gnoll is distracted by your dazzling golden aura.
The gnoll hits you from afar with a +0 halberd! 😮 HP[-13]
You take 13 damage, and now have 26/48 hp.
MASSIVE DAMAGE!! (PAUSE) Unknown command.
You hit the frilled lizard.
You kill the frilled lizard!
You block the gnoll's attack.
You swing at nothing.
The gnoll is no longer distracted by gold.
The gnoll is distracted by your dazzling golden aura. 😮 HP[+1]
You closely miss the gnoll.
The gnoll shouts!
The gnoll hits you with a +0 club.
* * * LOW HITPOINT WARNING * * *
😨 HP[-6]
You take 6 damage, and now have 21/48 hp.
You feel very mighty all of a sudden. The gnoll hits you with a +0 club.
* * * LOW HITPOINT WARNING * * *
😨 HP[-1]
You take 1 damage, and now have 20/48 hp.
You punch the gnoll!
You kill the gnoll!
The gnoll hits you with a +0 club.
* * * LOW HITPOINT WARNING * * *
😨 HP[-2]
You take 2 damage, and now have 18/48 hp.
You punch the gnoll!
The gnoll is no longer distracted by gold.
The gnoll hits you with a +0 club.
* * * LOW HITPOINT WARNING * * *
You block the gnoll's attack. 😱 HP[-6]
You take 6 damage, and now have 12/48 hp.
You punch the gnoll!
You kill the gnoll!
You block the gnoll's attack. The gnoll hits you with a +0 halberd.
* * * LOW HITPOINT WARNING * * *
Items here: $ ))). 😱 HP[-5]
You take 5 damage, and now have 7/48 hp.
You closely miss the gnoll. The gnoll barely misses you.
You feel better. The gnoll hits you with a +0 halberd!
* * * LOW HITPOINT WARNING * * *
😱 HP[-1]
You take 1 damage, and now have 6/48 hp.
You closely miss the gnoll. The gnoll hits you with a +0 halberd!
You die...
Your body crumbles into a pile of gold.

Skill      XL: |  1  2  3  4 |
---------------+-------------+-----
Unarmed Combat | 2 3 |  3.6
Throwing       | 1 2 |  2.5
Fighting       | |  4.0
Dodging        | |  2.6
Shields        | |  3.0

Action                   |  1- 3 |  4- 6 || total
-------------------------+-------+-------++-------
Melee: Unarmed           |   181 |    84 ||   265
Throw: Stone             |    10 |       ||    10
  Use: Potion            |     2 |     2 ||     4
       Scroll            |     2 |       ||     2
Armor: Robe              |    46 |    16 ||    62
Dodge: Dodged            |    73 |    35 ||   108
Block: Kite shield       |    54 |    21 ||    75

Levels and vault maps discovered:
D:1:      amcnicky_arrival_underground_garden, layout_basic,
          shapermc_ecumenical_altar_totnotflames, hangedman_decor_growths,
          minmay_misc_feat_roman
D:2:      layout_basic, serial_shops, shop
D:3:      layout_basic, demons_altar, minmay_pentangle, uniq_natasha

Notes
Turn   | Place    | Note
-------+----------+-------------------------------------------
     0 | D:1      | spaghetti the Ogre Fighter began the quest for the Orb.
     0 | D:1      | Reached XP level 1. HP: 24/24 MP: 1/1
     0 | D:1      | magus.rc [v1.9.6]
    37 | D:1      | HP: 5/24 [quokka (2)]
   320 | D:1      | Reached skill level 2 in Unarmed Combat
   407 | D:1      | Reached XP level 2. HP: 27/32 MP: 2/2
   669 | D:1      | Found a faded altar of an unknown god.
   699 | D:1      | Prayed at the altar of an unknown god.
   699 | D:1      | Became a worshipper of Gozag Ym Sagoz the Greedy
   831 | D:1      | You pick up a book of Spatial Translocations and begin
                  | reading...
   831 | D:1      | You add the spells Blink, Lesser Beckoning and Manifold
                  | Assault to your library.
  1065 | D:1      | HP: 8/32 [quokka (3)]
  1067 | D:1      | HP: 2/32 [quokka (3)]
  1079 | D:1      | HP: 6/32 [quokka (3)]
  1369 | D:1      | Reached skill level 3 in Unarmed Combat
  1597 | D:2      | Reached XP level 3. HP: 39/39 MP: 3/3
  1876 | D:2      | Found Hip Gyloent's General Store.
  1885 | D:2      | Reached skill level 1 in Throwing
  1895 | D:2      | Bought a scroll of identify for 20 gold pieces
  2059 | D:2      | You pick up a book of Misfortune and begin reading...
  2059 | D:2      | You add the spells Confusing Touch, Yara's Violent
                  | Unravelling and Enfeeble to your library.
  2186 | D:3      | Reached XP level 4. HP: 46/48 MP: 4/4
  2437 | D:3      | Reached skill level 2 in Throwing
  2548 | D:3      | HP: 12/48 [gnoll/+0 club (6)]
  2553 | D:3      | Slain by a gnoll

Vanquished Creatures
  3 gnolls (D:3)
  2 adders (D:2)
  A dart slug (D:2)
  6 bats
  4 endoplasms
  3 giant cockroaches
  5 goblins (D:1)
  6 hobgoblins
  4 jackals (D:3)
  3 kobolds
  4 quokkas
  4 ball pythons
  6 frilled lizards
  6 rats
57 creatures vanquished.

Table legend:
 A = Non-vault XP
 B = Vault XP
 C = Vault XP percentage of total XP
 D = Non-vault monster count
 E = Vault monster count
 F = Vault count percentage of total count
                 A         B        C        D         E       F
            +---------+---------+-------+---------+---------+-------
      Total |     132 |      20 |  13.2 |      44 |      13 |  22.8
            +---------+---------+-------+---------+---------+-------
        D:1 |      30 |       0 |   0.0 |      21 |       0 |   0.0
        D:2 |      49 |       0 |   0.0 |      14 |       0 |   0.0
        D:3 |      53 |      20 |  27.4 |       9 |      13 |  59.1
            +---------+---------+-------+---------+---------+-------

Illustrated notes

Table legend:
 A = Kills in this place as a percentage of kills in entire the game.
 B = Kills by you in this place as a percentage of kills by you in the entire game.
 C = Kills by friends in this place as a percentage of kills by friends in the entire game.
 D = Other kills in this place as a percentage of other kills in the entire game.
 E = Experience gained in this place as a percentage of experience gained in the entire game.
 F = Experience gained in this place divided by the number of levels of this place that you have seen.
                   A       B       C       D       E      F
               +-------+-------+-------+-------+-------+----------------------
         Total | 100.0 | 100.0 |   N/A |   N/A | 100.0 |  50.7
       Dungeon | 100.0 | 100.0 |   N/A |   N/A | 100.0 |  50.7
               +-------+-------+-------+-------+-------+----------------------

Table legend: (Time is in decaauts)
 A = Elapsed time spent in this place.
 B = Non-inter-level travel time spent in this place.
 C = Inter-level travel time spent in this place.
 D = Time resting spent in this place.
 E = Time spent auto-exploring this place.
 F = Levels seen in this place.
 G = Mean time per level.
                   A        B        C        D        E       F      G
               +--------+--------+--------+--------+--------+-----+--------+
         Total |   2555 |   2514 |     41 |      0 |   2051 |   3 |  851.7 |
       Dungeon |   2555 |   2514 |     41 |      0 |   2051 |   3 |  851.7 |
               +--------+--------+--------+--------+--------+-----+--------+

Top non-repeatable levels by time:
     D:1: 1505 daAuts
     D:2: 645 daAuts
     D:3: 404 daAuts
